 Dungeon Crawl Stone Soup version 0.30-a0-1043-g60ff8d5f49 (webtiles) character file.

Game seed: 11752025712653223206

42 Zonian the Ruffian (level 3, -4/30 HPs)
             Began as a Draconian Gladiator on Apr 9, 2023.
             Slain by a gnoll
             ... wielding a +0 club
              (5 damage)
             ... on level 2 of the Dungeon.
             The game lasted 00:02:00 (898 turns).

Zonian the Ruffian (Draconian Gladiator)             Turns: 898, Time: 00:02:02

Health: -4/30      AC:  5    Str: 18    XL:     3   Next: 33%
Magic:  3/3        EV: 12    Int:  8    God:
Gold:   9          SH:  0    Dex: 12    Spells: 2/2 levels left

rFire   . . .      SeeInvis .      - Unarmed
rCold   . . .      Faith    .    (no shield)
rNeg    . . .      Spirit   .    (body armour unavailable)
rPois   .          Reflect  .    a - +0 hat
rElec   .          Rampage  .    (no cloak)
rCorr   .                        (no gloves)
Will    .....                    (no boots)
Stlth   +                        (no amulet)
HPRegen 0.25/turn                (no ring)
MPRegen 0.08/turn                (no ring)

@: no status effects
A: AC +5, unfitting armour, cold-blooded
a: no special abilities


You were on level 2 of the Dungeon.
You visited 1 branch of the dungeon, and saw 2 of its levels.

You collected 9 gold pieces.

Inventory:

Missiles
 b - 3 throwing nets (quivered)
 c - a javelin
 d - 3 poisoned darts
Armour
 a - a +0 hat (worn)
Scrolls
 f - 2 scrolls of brand weapon


   Skills:
 + Level 2.8 Fighting
 + Level 2.3 Throwing
 + Level 3.1 Dodging
 + Level 3.4 Unarmed Combat


You had 2 spell levels left.
You didn't know any spells.
Your spell library was empty.

Dungeon Overview and Level Annotations

Branches:
Dungeon (2/15)

Altars:


Innate Abilities, Weirdness & Mutations

Your plain brown scales are hard. (AC +5)
You cannot fit into any form of body armour.
You are cold-blooded and may be slowed by cold attacks.


Message History

The adder is heavily wounded.
You feel sick. The adder closely misses you. The gnoll barely misses you.
The rat bites you but does no damage. The adder barely misses you.
Unknown command.
You barely miss the adder.
Your tail-slap misses the adder.
The adder is heavily wounded.
You feel sick. The rat misses you. The adder barely misses you.
The gnoll closely misses you.
Unknown command.
You aren't carrying any potions.
Unknown command.
You hit the adder.
You kill the adder!
You feel sick. The rat barely misses you.
Unknown command.
You hit the gnoll.
The gnoll is moderately wounded.
You feel sick. The gnoll closely misses you. The frilled lizard bites you.
* * * LOW HITPOINT WARNING * * *
The rat barely misses you.
Unknown command.
You hit the gnoll but do no damage. You tail-slap the gnoll.
The gnoll is severely wounded.
* * * LOW HITPOINT WARNING * * *
You feel sick. The frilled lizard barely misses you.
The rat closely misses you.
Unknown command.
You hit the gnoll.
The gnoll is moderately wounded.
* * * LOW HITPOINT WARNING * * *
You feel sick. The frilled lizard barely misses you. The rat misses you.
Unknown command.
You hit the gnoll but do no damage. You punch the gnoll.
The gnoll is heavily wounded.
* * * LOW HITPOINT WARNING * * *
You feel sick.
You are no longer poisoned.
The rat closely misses you. The frilled lizard closely misses you.
The gnoll hits you with a +0 club.
You die...

#######
#○§§§☼§##
.§§§○☼§§##
.§○§§§§§☼#
.☼§§§○§§§#
.§☼§○☼gl@#
.§○☼§§†rg#
.§☼☼§§☼○g#
.☼☼☼§§§○##
.§§☼§§○§#
.○§§§☼§§.
.§§○☼○○§.
.§○§☼§§○g
.........l


You could see 3 gnolls, a frilled lizard and a rat.

Vanquished Creatures
  An adder (D:2)
  A dart slug (D:1)
  6 bats
  2 endoplasms (D:1)
  A giant cockroach (D:1)
  5 hobgoblins (D:1)
  A quokka (D:1)
  4 ball pythons (D:1)
  A frilled lizard (D:1)
  5 kobolds
  A rat (D:1)
28 creatures vanquished.

Notes
Turn   | Place    | Note
-------+----------+-------------------------------------------
     0 | D:1      | Zonian the Draconian Gladiator began the quest for the Orb.
     0 | D:1      | Reached XP level 1. HP: 17/17 MP: 1/1
   177 | D:1      | Reached XP level 2. HP: 15/25 MP: 2/2
   759 | D:1      | Reached XP level 3. HP: 29/30 MP: 3/3
   898 | D:2      | HP: 1/30 [poisoned by an adder]
   898 | D:2      | Slain by a gnoll

Illustrated notes

Levels and vault maps discovered:
D:1:      heliophobic_arrival_dark_side_of_the_moon, layout_loops_ring,
          serial_forest, infiniplex_forest_zigzag_1,
          infiniplex_forest_clump_tiny, infiniplex_forest_lined_1,
          infiniplex_forest_lined_4_way, infiniplex_forest_clump_diagonal,
          infiniplex_forest_lined_room_2
D:2:      layout_rooms, minmay_misc_feat_columns, minmay_vboxes, uniq_natasha

Skill      XL: |  1  2 |
---------------+-------+-----
Throwing       | 2 |  2.3
Dodging        | 3 |  3.1
Fighting       | |  2.8
Unarmed Combat | |  3.4

Action                     || total
---------------------------++-------
  Melee: Unarmed           ||   108
         Tailslap          ||    15
         Punch             ||     4
    Use: Scroll            ||     2
   Stab: Sleeping          ||     3
 Armour: Skin              ||    39
  Dodge: Dodged            ||   100

Table legend: (Time is in decaauts)
 A = Elapsed time spent in this place.
 B = Non-inter-level travel time spent in this place.
 C = Inter-level travel time spent in this place.
 D = Time resting spent in this place.
 E = Time spent auto-exploring this place.
 F = Levels seen in this place.
 G = Mean time per level.
                   A        B        C        D        E       F      G
               +--------+--------+--------+--------+--------+-----+--------+
         Total |    891 |    860 |     31 |      0 |    635 |   2 |  445.5 |
       Dungeon |    891 |    860 |     31 |      0 |    635 |   2 |  445.5 |
               +--------+--------+--------+--------+--------+-----+--------+

Top non-repeatable levels by time:
     D:1: 870 daAuts
     D:2: 20 daAuts
